[Event "Live Chess"]
[Site "Chess.com"]
[Date "2023.05.20"]
[Round "-"]
[White "onemoretime1975"]
[Black "ethiebear"]
[Result "1-0"]
[WhiteElo "1919"]
[BlackElo "806"]
[TimeControl "300"]
[EndTime "11:38:11 PDT"]
[Termination "onemoretime1975 won by checkmate"]

1. e4 e5 2. Nf3 Nc6 3. Bc4 Nd4 4. d3 Bc5 5. O-O Qf6 6. Nxd4 Bxd4 7. Be3 Qg6 8. Bxd4 exd4 9. f4 d6 10. f5 Qg5 11.
Qc1 f6 12. Qxg5 fxg5 13. Nd2 g6 14. fxg6 hxg6 15. Nf3 Bg4 16. Nxd4 O-O-O 17. Be6+ Bxe6 18. Nxe6 Re8 19. Nxg5 Re5 20. Nf7 Reh5 21. Nxh8 Rxh8 22. Rf8+ Kd7 23. Raf1 Ke7 24. R1f7+ Ke6 25. Rg7 g5 26. Rfxg8 Rxg8 27. Rxg8 Ke5 28. Rxg5+ Kf4 29. Rf5+ Ke3 30. Rf7 Ke2 31. Rxc7 Ke1 32. Rxb7 Kd1 33. Rxa7 Ke1 34.
Rd7 Kd1 35. Rxd6 Ke1 36. c4 Kd1 37. c5 Ke1 38. c6 Kd1 39. c7 Ke1 40. c8=Q Kd1 41.
a4 Kd2 42. a5 Ke3 43. a6 Kf4 44. a7 Ke5 45. Re6+ Kd4 46. a8=Q Kxd3 47. Qc3+ Ke2 48. Qa6+ Kd1 49. Qf1# 1-0

[Event "Live Chess"]
[Site "Chess.com"]
[Date "2023.05.20"]
[Round "-"]
[White "Pablo_dmp"]
[Black "ameetghasi100"]
[Result "0-1"]
[WhiteElo "1856"]
[BlackElo "2722"]
[TimeControl "300"]
[EndTime "11:38:13 PDT"]
[Termination "ameetghasi100 won on time"]

1. e4 c5 2. a3 d6 3. d4 Nc6 4. dxc5 dxc5 5. Qxd8+ Nxd8 6. Bb5+ Bd7 7. Nc3 Nc6 8. Be3 e6 9. Rd1 a6 10. Bxc6 Bxc6 11.
Nf3 f6 12. O-O g5 13. Ne1 Nh6 14. Nd3 b6 15. f4 Ng4 16. Bc1 c4 17. Nb4 Bc5+ 18.
Kh1 Bb7 19. Rd2 h5 20. fxg5 fxg5 21. Re2 Rd8 22. Bxg5 Rd7 23. Nba2 b5 24. h3 Bd4 25. g3 Ne5 26. Bf4 Ng6 27. Be3 Be5 28. Bf4 O-O 29. Ref2 Bd4 30. Rf3 Rdf7 31. Kg2 e5 32. Bh6 Rxf3 33.
Rxf3 Rxf3 34. Kxf3 Bc8 35. h4 Bg4+ 36. Kg2 Ne7 37.
Bg5 Nc6 38. Nb4 Nxb4 39. axb4 Kf7 40. Bd8 Ke6 41. Bg5 Kd6 42. Kf1 Bf3 43. Ke1 Kc6 44. Kd2 Bf2 45. Nd5 Bxe4 46. Nf6 Bg6 47. c3 Bxg3 48. Ke3 Bh2 49. Ne4 Kd5 50. Nc5 Bg1+ 51. Kd2 a5 52. Be3 Bh2 53. Nb7 a4 54. Nc5 Bg3 55.
Nd7 Bxh4 56. Nf6+ Bxf6 0-1

[Event "Live Chess"]
[Site "Chess.com"]
[Date "2023.05.20"]
[Round "-"]
[White "BigDom87"]
[Black "wot-not"]
[Result "0-1"]
[WhiteElo "1257"]
[BlackElo "1467"]
[TimeControl "300"]
[EndTime "11:38:16 PDT"]
[Termination "wot-not won on time"]

1. d4 Nf6 2. Nf3 d6 3. c4 Bg4 4. Nc3 Bxf3 5. exf3 Nbd7 6. Bd3 g6 7. Be3 Bg7 8. Qd2 O-O 9. O-O-O c5 10. d5 Ne5 11. Bh6 Nxd3+ 12. Qxd3 Bxh6+ 13. Kb1 a6 14. g4 Bg7 15. h4 Nd7 16. h5 Ne5 17. Qe4 b5 18.
hxg6 fxg6 19. g5 bxc4 20. Qh4 Kf7 21. Qh3 Nd3 22. Qe6+ Ke8 23. Rxh7 Bxc3 24. Qxg6+ Kd7 25. Qe6+ Kc7 26. Rxe7+ Kb8 27. Rd7 Qb6 28. Qxd6+ Qxd6 29. Rxd6 Bd4 30. b3 Nxf2 31. Re1 cxb3 32. axb3 Ra7 33. Ree6 c4 34. bxc4 Rb7+ 35. Ka2 Rb2+ 36. Ka3 Rb7 37.
Rxa6 Rc8 0-1

[Event "Live Chess"]
[Site "Chess.com"]
[Date "2023.05.20"]
[Round "-"]
[White "aliciabutteriss"]
[Black "PantherCal"]
[Result "0-1"]
[WhiteElo "574"]
[BlackElo "1807"]
[TimeControl "300"]
[EndTime "11:38:18 PDT"]
[Termination "PantherCal won by resignation"]

1. e4 d5 2. Nc3 dxe4 3. Nxe4 Nf6 4. d3 Nxe4 5. dxe4 Qxd1+ 6. Kxd1 Nc6 7. Bf4 e5 8. Be3 Be6 9. Nf3 O-O-O+ 10. Bd3 f6 11. Ke2 Bb4 12. Rad1 Ba5 13. Bd2 Bb6 14. c3 Rd7 15.
Rhe1 Rhd8 16. Kf1 Rxd3 17. Nd4 exd4 18. cxd4 Nxd4 19. Re3 Nc2 20. Rxd3 Rxd3 0-1

[Event "Live Chess"]
[Site "Chess.com"]
[Date "2023.05.20"]
[Round "-"]
[White "mach247"]
[Black "Davidagye"]
[Result "0-1"]
[WhiteElo "1307"]
[BlackElo "1676"]
[TimeControl "300"]
[EndTime "11:38:23 PDT"]
[Termination "Davidagye won on time"]

1. d4 Nf6 2. Nc3 e6 3. Bf4 d5 4. Nb5 Na6 5. e3 c5 6. Nf3 c4 7. Nc3 Bb4 8. a3 Bxc3+ 9. bxc3 Qa5 10. Be2 Qxc3+ 11. Kf1 Ne4 12. Rb1 Qa5 13. Qe1 Qxa3 14. Be5 Nb4 15. Qxb4 Qxb4 16. Rxb4 a6 17. Ke1 b5 18.
Nd2 Bd7 19. Nxe4 dxe4 20. f4 a5 21. Rb2 c3 22. Rb3 Rc8 23. Bxb5 Bxb5 24. Rxb5 Ra8 25.
Ke2 a4 26. Ra1 a3 27. Rb3 O-O 28. Rbxa3 Rac8 29. Rb3 f6 30. Bd6 Rfd8 31. Bb4 e5 32. fxe5 fxe5 33. Rxc3 exd4 34. Rxc8 Rxc8 35. exd4 Rxc2+ 36. Ke3 Rxg2 37. h4 Rh2 38. Kxe4 Rxh4+ 39. Kd5 Rg4 0-1

[Event "Live Chess"]
[Site "Chess.com"]
[Date "2023.05.20"]
[Round "-"]
[White "WelshTiger"]
[Black "lucaskk818"]
[Result "1-0"]
[WhiteElo "2432"]
[BlackElo "1895"]
[TimeControl "300"]
[EndTime "11:38:23 PDT"]
[Termination "WelshTiger won by resignation"]

1. e4 e6 2. Nf3 d5 3. e5 c5 4.
a3 Nc6 5. b4 cxb4 6. axb4 Bxb4 7. c3 Be7 8. d4 Qc7 9. Bd3 a6 10. O-O h6 11. Na3 Bd7 12. Nb5 Qb6 13. Nd6+ Bxd6 14.
exd6 Nf6 15. Ba3 Rc8 16. Qe2 Qa7 17. Ne5 Na5 18. Bc5 b6 19. Bb4 Nc4 20. Nxc4 dxc4 21. Bxc4 b5 22. Bxb5 Bxb5 23. Qxb5+ axb5 24. Rxa7 Nd7 25.
Rfa1 Nb6 26. Rb7 Nd7 27. Raa7 1-0

[Event "Live Chess"]
[Site "Chess.com"]
[Date "2023.05.20"]
[Round "-"]
[White "noobsmoker24"]
[Black "viktorskliarov"]
[Result "0-1"]
[WhiteElo "1379"]
[BlackElo "2650"]
[TimeControl "300"]
[EndTime "11:38:29 PDT"]
[Termination "viktorskliarov won by checkmate"]

1. e4 c5 2. Nf3 Nc6 3. d4 cxd4 4. Nxd4 Nf6 5. Nc3 e5 6. Ndb5 d6 7. Be3 a6 8. Na3 b5 9. Nd5 Nxd5 10. exd5 Ne7 11.
c4 Nf5 12. Qd2 Nxe3 13. Qxe3 b4 14. Nc2 a5 15. Be2 Be7 16. O-O O-O 17. a3 Bg5 18. Qb3 bxa3 19. Nxa3 f5 20. Nb5 Rf6 21. Qc3 Rh6 22. h3 e4 23. b4 axb4 24. Qxb4 Rb8 25. Qc3 Bf6 26. Nd4 Qb6 27. Rfd1 f4 28. Rab1 Qxb1 29.
Rxb1 Rxb1+ 30. Kh2 f3 31. gxf3 Be5+ 32. Kg2 Bxh3# 0-1

[Event "Live Chess"]
[Site "Chess.com"]
[Date "2023.05.20"]
[Round "-"]
[White "seabuck"]
[Black "Ayush_prahlad_Gupta"]
[Result "1-0"]
[WhiteElo "1856"]
[BlackElo "1795"]
[TimeControl "300"]
[EndTime "11:38:33 PDT"]
[Termination "seabuck won by checkmate"]

1. d4 e5 2. e3 d6 3. c4 exd4 4. exd4 Nf6 5. Nc3 Be7 6. Nf3 O-O 7. Be2 Nbd7 8. O-O Ng4 9. h3 Ngf6 10. Re1 Nh5 11. d5 Nc5 12. b4 Na6 13. a3 c6 14.
dxc6 bxc6 15. Nd4 Nf6 16. Nxc6 Qd7 17. Nxe7+ Qxe7 18. Bf3 Qc7 19. Bxa8 Bxh3 20. gxh3 Rxa8 21. Qd4 Qd7 22. Kh2 Nc7 23. Bf4 Qf5 24. Qxd6 Ne6 25.
Bg3 Ng5 26. Qf4 Qxh3+ 27. Kg1 h6 28. Nd5 Nh5 29. Qe3 Kh7 30. Nf4 Nxf4 31. Qxf4 Rd8 32. Re5 Rd4 33. Qf5+ Qxf5 34. Rxf5 g6 35. Rxg5 hxg5 36.
c5 Rc4 37. Rd1 f5 38. Rd7+ Kh6 39. Rxa7 f4 40. Bh2 g4 41. Bxf4+ Rxf4 42. c6 Rc4 43. c7 Kh5 44. b5 Kh4 45. Kg2 g3 46. fxg3+ Kg4 47.
b6 Rc2+ 48. Kf1 Kf3 49. Ke1 Ke3 50. Kd1 Kd3 51. b7 Rh2 52. Ke1 Ke3 53. Kf1 Kf3 54.
Kg1 Rg2+ 55. Kh1 Kxg3 56. c8=Q Rh2+ 57. Kg1 Rg2+ 58. Kf1 Rf2+ 59. Ke1 Ra2 60. Qc3+ Kf4 61. Ra4+ Kg5 62. Qc5+ Kh6 63. Rh4+ Kg7 64. Qe7+ Kg8 65. Rh7 Ra1+ 66. Kd2 Ra2+ 67. Kc3 Rxa3+ 68. Kb4 Rb3+ 69. Kxb3 g5 70. Qf7# 1-0

[Event "Live Chess"]
[Site "Chess.com"]
[Date "2023.05.20"]
[Round "-"]
[White "ReeceHockton"]
[Black "rideuv21"]
[Result "0-1"]
[WhiteElo "323"]
[BlackElo "1835"]
[TimeControl "300"]
[EndTime "11:38:34 PDT"]
[Termination "rideuv21 won by checkmate"]

1. d4 c5 2. e3 g6 3. Ne2 Bg7 4. dxc5 Qa5+ 5. c3 Qxc5 6. Nd4 Nc6 7. b4 Qb6 8. Nxc6 dxc6 9. Qd2 Bf5 10. Na3 Nf6 11.
Nc4 Qc7 12. Bb2 O-O 13. Rd1 Rad8 14. Bd3 Rxd3 15. Qxd3 Bxd3 16. Rxd3 Rd8 17. Rd2 Rxd2 18. Nxd2 a5 19. O-O axb4 20. cxb4 Nd5 21. Rd1 Bxb2 22. Nf3 Nxb4 23. Nd2 Qd6 24. Rb1 Qxd2 25. Rxb2 Qe1# 0-1

[Event "Live Chess"]
[Site "Chess.com"]
[Date "2023.05.20"]
[Round "-"]
[White "1600x"]
[Black "apl_trainer"]
[Result "1-0"]
[WhiteElo "1599"]
[BlackElo "1625"]
[TimeControl "300"]
[EndTime "11:38:40 PDT"]
[Termination "1600x won by resignation"]

1. d4 Nf6 2. Nf3 c5 3. dxc5 Na6 4. Nc3 Nxc5 5. b4 Ne6 6. e4 g6 7.
e5 Nh5 8. Nd5 Bg7 9. g4 Nhf4 10.
Nxf4 Nxf4 11. Bxf4 h5 12. Bc4 hxg4 13. Ng5 e6 14.
Ne4 d5 15. exd6 O-O 16. O-O b5 17. Bb3 Bb7 18. Bg5 Qc8 19. d7 Qc6 20. Re1 f6 21. Qxg4 fxg5 22. Bxe6+ Kh7 23. Nxg5+ 1-0

[Event "Live Chess"]
[Site "Chess.com"]
[Date "2023.05.20"]
[Round "-"]
[White "martynstanley"]
[Black "seuen"]
[Result "0-1"]
[WhiteElo "1018"]
[BlackElo "1161"]
[TimeControl "300"]
[EndTime "11:38:45 PDT"]
[Termination "seuen won by checkmate"]

1. d4 Nf6 2. e3 g6 3. Bd3 Bg7 4. c3 d6 5. f4 O-O 6. Nf3 Bg4 7. O-O c5 8. Nbd2 Nc6 9. h3 Be6 10.
e4 cxd4 11. cxd4 d5 12. e5 Ne4 13. Nxe4 dxe4 14. Bxe4 Bc4 15. Bd3 Bd5 16. b3 Bxf3 17.
Qxf3 Nxd4 18. Qe3 Qb6 19. Bb2 Ne2+ 20. Bxe2 Qxe3+ 21. Rf2 Rfd8 22. Bc1 Qb6 23. Bb2 f6 24. exf6 Bxf6 25. Bxf6 exf6 26. Rd1 Rxd1+ 27. Bxd1 Re8 28. Kf1 Rc8 29. Rc2 Rxc2 30. Bxc2 Qb5+ 31. Ke1 Qe8+ 32. Kd2 Qd7+ 33. Bd3 Qd6 34. Kc3 Qxf4 35. Bc4+ Kg7 36. Kb4 Qf2 37. a4 Qxg2 38. h4 Qg4 39. Kc5 Qxh4 40. Bd5 Qg3 41. Bxb7 Qxb3 42. Bc6 h5 43. Kd6 g5 44. a5 h4 45. a6 Qb6 46.
Kd5 Qxa6 47. Bd7 Qd3+ 48. Ke6 Qxd7+ 49. Kxd7 h3 50. Ke6 h2 51. Kd6 h1=Q 52. Kc5 Qg1+ 53.
Kd5 Qe3 54. Kd6 Qe4 55. Kc7 Qd5 56. Kb8 Qd7 57. Ka8 f5 58. Kb8 Kf6 59. Ka8 Ke6 60. Kb8 Kd6 61. Ka8 Kc6 62. Kb8 Qb7# 0-1

[Event "Live Chess"]
[Site "Chess.com"]
[Date "2023.05.20"]
[Round "-"]
[White "JohanKjeldahl"]
[Black "LaupMiths"]
[Result "1-0"]
[WhiteElo "1803"]
[BlackElo "1824"]
[TimeControl "300"]
[EndTime "11:38:47 PDT"]
[Termination "JohanKjeldahl won by resignation"]

1. c4 c5 2. Nc3 e6 3. Nf3 d5 4. cxd5 exd5 5. d4 Nc6 6. g3 cxd4 7. Nxd4 Bc5 8. Nb3 Bb6 9. Bg2 Nf6 10. O-O O-O 11. Bg5 Bg4 12. Nxd5 Qxd5 13. Bxd5 1-0

[Event "Live Chess"]
[Site "Chess.com"]
[Date "2023.05.20"]
[Round "-"]
[White "CeladonFish"]
[Black "LL220284LL"]
[Result "0-1"]
[WhiteElo "1087"]
[BlackElo "2396"]
[TimeControl "300"]
[EndTime "11:38:57 PDT"]
[Termination "LL220284LL won by checkmate"]

1. d4 c5 2. c4 cxd4 3. Qxd4 Nc6 4. Qd1 Nf6 5. Nc3 e6 6. Bf4 d5 7. cxd5 exd5 8. Nb5 Qa5+ 9. Nc3 d4 10. e3 dxc3 11.
bxc3 Qxc3+ 12. Ke2 Qb2+ 13. Kf3 Bg4+ 14. Kg3 Bxd1 15.
Rxd1 Nh5+ 16. Kf3 Nxf4 17. Kxf4 Bd6+ 18. Ke4 O-O 19. Rxd6 Qe5+ 20. Kf3 Qxd6 21. Ke2 Rad8 22. Kf3 Qd5+ 23. Kg3 Qg5+ 24. Kf3 Ne5+ 25. Ke2 Qg4+ 26. f3 Qc4+ 27. Kf2 Qxa2+ 28. Kg3 Qd2 29. f4 Qxe3+ 30.
Kh4 Qxf4+ 31. Kh5 Qg4# 0-1

[Event "Live Chess"]
[Site "Chess.com"]
[Date "2023.05.20"]
[Round "-"]
[White "Delacorta"]
[Black "worldchessleaguelive"]
[Result "1/2-1/2"]
[WhiteElo "1390"]
[BlackElo "1349"]
[TimeControl "300"]
[EndTime "11:39:01 PDT"]
[Termination "Game drawn - insufficient material"]

1. d4 d5 2. Nf3 Nf6 3. e3 Bf5 4.
Bd3 Bxd3 5. cxd3 e6 6. e4 dxe4 7. dxe4 Bb4+ 8. Nc3 Nxe4 9. Bd2 Nxd2 10. Qxd2 Bxc3 11.
bxc3 O-O 12. Rb1 b6 13. O-O c5 14. dxc5 Qxd2 15. Nxd2 bxc5 16. Ne4 Na6 17. Rb7 Rfb8 18. Rfb1 Rxb7 19. Rxb7 Rb8 20. Rxb8+ Nxb8 21. Nxc5 Kf8 22. Kf1 Ke7 23. Ke2 Kd6 24. Nb3 Kd5 25. Kd3 Nd7 26. f4 g5 27. fxg5 e5 28. c4+ Ke6 29. Ke4 Nb6 30.
c5 Na4 31. h4 Nc3+ 32. Kd3 Nxa2 33. Kc4 f5 34. gxf6 Kxf6 35. Kd5 Nc3+ 36. Kc6 e4 37. Kd7 Ke5 38. c6 Nd5 39. c7 Nb6+ 40. Kd8 a5 41. Nxa5 e3 42. Nc6+ Ke4 43. Nb4 e2 44.
Nc2 Kd3 45. Ne1+ Kd2 46. Nf3+ Ke3 47. Ne1 Kf2 48. Nc2 Kxg2 49. c8=Q Nxc8 50. Kxc8 Kh3 51. h5 Kh4 52. h6 Kh5 53. Kd7 Kxh6 54. Ke6 Kg5 55. Ke5 Kg4 56. Ke4 h5 57. Ke3 Kg3 58. Kxe2 h4 59. Ne3 h3 60. Nf1+ Kg2 61. Ke1 Kg1 62. Ke2 Kg2 63. Ke1 Kf3 64. Nh2+ Kg2 65. Ng4 Kg3 66. Nh2 Kh4 67. Kf1 Kg3 68.
Kg1 Kh4 69. Nf3+ Kg4 70. Kh2 Kxf3 71. Kxh3 1/2-1/2

[Event "Live Chess"]
[Site "Chess.com"]
[Date "2023.05.20"]
[Round "-"]
[White "Ferrarifan27"]
[Black "risinghelios"]
[Result "1-0"]
[WhiteElo "2104"]
[BlackElo "1936"]
[TimeControl "300"]
[EndTime "11:39:01 PDT"]
[Termination "Ferrarifan27 won by resignation"]

1. e4 c5 2. Nf3 Nc6 3. b4 Nxb4 4. c3 Nc6 5. d4 cxd4 6. cxd4 d5 7.
exd5 Qxd5 8. Nc3 Qd8 9. d5 Nb8 10. Bc4 Bg4 11. O-O Nf6 12. h3 Bxf3 13. Qxf3 Nbd7 14.
Re1 g6 15. Ba3 Rc8 16. Nb5 Nb6 17. Nd6+ 1-0

[Event "Live Chess"]
[Site "Chess.com"]
[Date "2023.05.20"]
[Round "-"]
[White "Vladyslav2008"]
[Black "Tushinskiy"]
[Result "0-1"]
[WhiteElo "2163"]
[BlackElo "2115"]
[TimeControl "300"]
[EndTime "11:39:14 PDT"]
[Termination "Tushinskiy won by resignation"]

1. d4 d5 2. c4 c6 3. Nf3 e6 4. e3 Nf6 5. Nbd2 Bd6 6. Bd3 Qe7 7. O-O Nbd7 8. e4 dxe4 9. Nxe4 Nxe4 10. Bxe4 Nf6 11.
Bc2 b6 12. Ne5 Bb7 13. Re1 O-O-O 14. a4 c5 15. d5 Qc7 16. Bf4 exd5 17. a5 dxc4 18. axb6 axb6 19. Bf5+ Kb8 20. Qa4 Bd5 21. Red1 Qb7 22. f3 Rhe8 23. Rxd5 Nxd5 24. Nc6+ Kc7 25. Nxd8 Rxd8 26. Bxd6+ Kxd6 27. Qxc4 b5 28. Qh4 Re8 29. Rd1 Qe7 30. Qe4 Qe5 31. Rxd5+ Qxd5 32. Qxe8 Qxf5 33. Qb8+ Kd5 34. Qxb5 Qb1+ 35. Kf2 Qc2+ 36. Kg3 Qg6+ 37. Kf2 Kd4 38. Qd7+ Kc4 39. Qd1 Kb4 40. Qd2+ Kb5 41.
Qe2+ Kb6 42. Qc4 Qd6 43. b4 cxb4 44. Qc8 Qc5+ 45. Qxc5+ Kxc5 46. Ke2 Kc4 47. Kd2 Kb3 48. Kc1 Ka2 49. Kd2 b3 0-1

[Event "Live Chess"]
[Site "Chess.com"]
[Date "2023.05.20"]
[Round "-"]
[White "siddu198"]
[Black "thrithik"]
[Result "1-0"]
[WhiteElo "1626"]
[BlackElo "465"]
[TimeControl "300"]
[EndTime "11:39:14 PDT"]
[Termination "siddu198 won by checkmate"]

1. e4 a5 2. a4 c6 3. h4 b5 4. d4 Na6 5. g4 Nb4 6. Bd2 Na6 7. f4 d6 8. f5 c5 9. Be3 cxd4 10. Bxd4 Nc7 11.
Bxb5+ Nxb5 12. axb5 Qd7 13. Qd3 Qxb5 14. Qxb5+ Bd7 15.
Qb7 Rd8 16. Bb6 Rc8 17. Rxa5 Bc6 18. Qxc8# 1-0

[Event "Live Chess"]
[Site "Chess.com"]
[Date "2023.05.20"]
[Round "-"]
[White "alanmike75"]
[Black "AyannaTang"]
[Result "1-0"]
[WhiteElo "1516"]
[BlackElo "176"]
[TimeControl "300"]
[EndTime "11:39:21 PDT"]
[Termination "alanmike75 won by checkmate"]

1. e4 e5 2. Nf3 Qe7 3. Bc4 d5 4. Bxd5 Be6 5. Bxe6 Qxe6 6. O-O Nc6 7. d4 exd4 8. Nxd4 Nxd4 9. Qxd4 Rd8 10. Qxa7 Qxe4 11. Nc3 Qe7 12. Bf4 Qf6 13. Bxc7 Rc8 14. Bg3 Nh6 15.
Qa4+ Rc6 16. Ne4 Qxb2 17. Rab1 Qxc2 18. Qxc2 Rxc2 19. Rxb7 Rxa2 20. Rc1 Ra8 21. h3 Ba3 22. Rcc7 Bd6 23. Nxd6+ Kd8 24. Nxf7+ Nxf7 25. Rxf7 Ra1+ 26. Kh2 Ra8 27. Rxg7 Kc8 28. Rgc7+ Kd8 29. Bh4+ Ke8 30. Rxh7 Rxh7 31. Rxh7 Kf8 32. Rh8+ Kf7 33. Rxa8 Kg6 34.
Ra5 Kh6 35. Kg3 Kg6 36. Kg4 Kh6 37. Ra6+ Kg7 38. Kf5 Kf7 39. Ra7+ Ke8 40. Kf6 Kd8 41. Ke6+ Kc8 42. Kd6 Kb8 43. Rh7 Kc8 44. f4 Kb8 45. Kc6 Ka8 46. Kb6 Kb8 47. Rh8# 1-0

[Event "Live Chess"]
[Site "Chess.com"]
[Date "2023.05.20"]
[Round "-"]
[White "ReceptiveCamel"]
[Black "zdanevych"]
[Result "0-1"]
[WhiteElo "626"]
[BlackElo "1526"]
[TimeControl "300"]
[EndTime "11:39:21 PDT"]
[Termination "zdanevych won by checkmate"]

1. e4 d5 2. Qg4 Bxg4 3. f3 Bh5 4. exd5 Qxd5 5. g4 Bxg4 6. Bg2 Bxf3 7. Bxf3 Qb5 8. Nc3 Qd7 9. Bxb7 Nc6 10. Bxa8 Nf6 11. Bxc6 Qxc6 12. d3 Qxh1 13. Be3 Ng4 14. Bxa7 e6 15.
O-O-O Bb4 16. Nh3 Qb7 17. Bd4 O-O 18. Rg1 Nh6 19. Bxg7 Bxc3 20. Bxh6+ Kh8 21. Bxf8 Qxb2+ 22. Kd1 Qb1+ 23. Ke2 Qxc2+ 24. Kf3 Qxd3+ 25. Kg4 Qf5+ 26. Kh4 Bf6+ 27. Kg3 Qd3+ 28. Kf2 Qxh3 29. Rb1 Qxh2+ 30. Ke3 Qg3+ 31. Ke4 Qg4+ 32. Ke3 Bg5+ 33. Kf2 Bh4+ 34. Ke3 Qg3+ 35. Kd4 Qf2+ 36. Kc3 Bf6+ 37. Kd3 Qf5+ 38. Kd2 Qxb1 39. Ke3 Qxa2 40. Kf3 Qb3+ 41. Ke4 Qd5+ 42. Ke3 c5 43. Kf4 c4 44. Bb4 c3 45. Bxc3 Bxc3 46.
Kg4 Qf5+ 47. Kg3 e5 48. Kg2 e4 49. Kg3 e3 50. Kg2 e2 51. Kh2 e1=Q 52. Kg2 Qe2+ 53.
Kg3 Qff3+ 54. Kh4 Qee4+ 55. Kg5 Qeg4+ 56. Kh6 Qfh3# 0-1

[Event "Live Chess"]
[Site "Chess.com"]
[Date "2023.05.20"]
[Round "-"]
[White "chessleanstrategist"]
[Black "Leonid_Starozhilov"]
[Result "0-1"]
[WhiteElo "400"]
[BlackElo "2653"]
[TimeControl "300"]
[EndTime "11:39:24 PDT"]
[Termination "Leonid_Starozhilov won by resignation"]

1. c4 Nf6 2. Nc3 g6 3. g3 Bg7 4.
Nf3 O-O 5. Bg2 d6 6. O-O e5 7. e3 c6 8. d4 e4 9. Nd2 d5 10. c5 Bg4 11. Qc2 Qd7 12. b4 Bh3 13.
a4 h5 14. f3 exf3 15. Rxf3 Bxg2 16. Kxg2 Na6 17. Ba3 Nc7 18. Raf1 Nh7 19. Nb3 Rae8 20. Qf2 Ng5 21. Rf4 Nh3 22. Qf3 Nxf4+ 23. Qxf4 Ne6 24. Qf2 Ng5 25. b5 Qh3+ 26. Kh1 Rxe3 27. Re1 Rxe1+ 28. Qxe1 Nf3 29. Qf2 Re8 30. Ne2 Qxh2+ 31. Qxh2 Nxh2 32. Kxh2 Rxe2+ 33. Kg1 Re3 34. Kf2 Rxb3 35. Bc1 Bxd4+ 36. Ke2 Bxc5 37. Kd1 Rb1 38. Kc2 Rxc1+ 39. Kxc1 Bf2 40.
Kd1 Bxg3 41. Ke2 Bd6 0-1

[Event "Live Chess"]
[Site "Chess.com"]
[Date "2023.05.20"]
[Round "-"]
[White "TDCMF"]
[Black "minenko-1958"]
[Result "0-1"]
[WhiteElo "362"]
[BlackElo "1424"]
[TimeControl "300"]
[EndTime "11:39:24 PDT"]
[Termination "minenko-1958 won by checkmate"]

1. e4 e5 2. Nf3 Nc6 3. Bc4 Bc5 4. Ng5 Qxg5 5. Qf3 Qf6 6. Qxf6 Nxf6 7. Nc3 a6 8. h3 b5 9. Bb3 Nd4 10. O-O c6 11.
Bxf7+ Kxf7 12. a4 b4 13. Na2 Nxe4 14. c3 Nb3 15. Rb1 bxc3 16. bxc3 Nbxd2 17. Bxd2 Nxd2 18. Rbe1 Nxf1 19. Rxf1 d6 20. Nc1 Be6 21. Ne2 Bc4 22.
Ng3 Bxf1 23. Nxf1 Rhf8 24. Ng3 Ke6 25. Nh5 Bxf2+ 26. Kh2 Rf7 27. g3 g6 28. Nf4+ exf4 29. gxf4 Rxf4 30. Kg2 Bb6 31. Kg3 Kf5 32. h4 h5 33. c4 Rxc4 34. a5 Bxa5 35. Kf3 Rc3+ 36. Kf2 Kf4 37. Ke2 Rc2+ 38. Kd1 Ra2 39. Kc1 Ke3 40. Kb1 Rg2 41. Kc1 Kd3 42. Kd1 Rg1# 0-1

[Event "Live Chess"]
[Site "Chess.com"]
[Date "2023.05.20"]
[Round "-"]
[White "BillythekidFellowes"]
[Black "smoggyrabbit"]
[Result "1-0"]
[WhiteElo "2015"]
[BlackElo "1619"]
[TimeControl "300"]
[EndTime "11:39:30 PDT"]
[Termination "BillythekidFellowes won on time"]

1. e4 e6 2. Nf3 d5 3. e5 c5 4. b4 b6 5. bxc5 bxc5 6. d4 Qd7 7.
Na3 Ba6 8. Bxa6 Nxa6 9. O-O Qa4 10. c4 Qxd1 11. Rxd1 cxd4 12. Nxd4 Ne7 13. Nab5 Ng6 14. f4 Bc5 15. Kf1 O-O 16. g3 dxc4 17. Be3 Bxd4 18.
Rxd4 Rac8 19. Nxa7 Rc7 20. Nb5 Rb7 21. Nd6 Rc7 22. Rxc4 Rxc4 23. Nxc4 Rc8 24. Nd6 Rc3 25. Ke2 Nb4 26. Rb1 Nxa2 27. Rb8+ Nf8 28. Ne4 Rc2+ 29. Kd3 Rc7 30. Bc5 Rd7+ 31. Ke3 h6 32. Rxf8+ Kh7 33. g4 Nc1 34. g5 Rd3+ 35. Kf2 hxg5 36. Nxg5+ Kg6 37. Rxf7 Rd2+ 38. Kg3 Rd3+ 39. Kg4 Ne2 40.
Bf8 Rg3+ 41. hxg3 Nxf4 42. gxf4 Kh6 43. Bxg7+ Kg6 44. Rf6+ 1-0

[Event "Live Chess"]
[Site "Chess.com"]
[Date "2023.05.20"]
[Round "-"]
[White "domrobson"]
[Black "djw60"]
[Result "0-1"]
[WhiteElo "1749"]
[BlackElo "2107"]
[TimeControl "300"]
[EndTime "11:39:37 PDT"]
[Termination "djw60 won by resignation"]

1. d4 Nf6 2. c4 e6 3. Nf3 c5 4.
d5 d6 5. Nc3 exd5 6. cxd5 a6 7.
a4 g6 8. e4 Bg7 9. Be2 Bg4 10.
O-O Bxf3 11. Bxf3 Nbd7 12. Bf4 Qe7 13. Re1 Ne5 14. Qe2 O-O 15. h3 Rab8 16. Bh2 Nfd7 17. Rac1 Nxf3+ 18. Qxf3 b5 19. axb5 axb5 20. Nd1 f5 21. b3 f4 22. Qe2 f3 23. gxf3 Be5 24. Bg3 Qg5 25. Qe3 Bf4 0-1

[Event "Live Chess"]
[Site "Chess.com"]
[Date "2023.05.20"]
[Round "-"]
[White "Pandreq"]
[Black "Hacker_2009"]
[Result "0-1"]
[WhiteElo "1277"]
[BlackElo "1931"]
[TimeControl "300"]
[EndTime "11:39:42 PDT"]
[Termination "Hacker_2009 won by resignation"]

1. d4 Nf6 2. c4 e6 3. Nc3 d5 4. cxd5 Nxd5 5. e4 Nf6 6. e5 Nd5 7. Nxd5 Qxd5 8. Nf3 c5 9. Qa4+ Bd7 10. Qc4 Qxc4 11.
Bxc4 cxd4 12. Nxd4 Bb4+ 13. Bd2 Bxd2+ 14. Kxd2 Nc6 15.
Nxc6 Bxc6 16. f3 Ke7 17. Rad1 Rhd8+ 18. Kc2 Rac8 19. b3 Bd5 20. Rd4 b5 21. Kd3 bxc4+ 22. bxc4 Bxc4+ 23. Ke3 Rxd4 24. Kxd4 Bxa2 25. Ra1 Rc2 26.
g3 Rxh2 27. f4 Rd2+ 28. Ke3 Rb2 29. Kd3 a5 30. Kc3 Rg2 31. Kd4 a4 32. Kc5 Bb3 33. Kb4 Rxg3 34. Ra3 h5 0-1

[Event "Live Chess"]
[Site "Chess.com"]
[Date "2023.05.20"]
[Round "-"]
[White "mach247"]
[Black "PantherCal"]
[Result "1-0"]
[WhiteElo "1322"]
[BlackElo "1785"]
[TimeControl "300"]
[EndTime "11:39:43 PDT"]
[Termination "mach247 won by resignation"]

1. e4 d5 2. exd5 Qxd5 3. Nc3 Qa5 4. d4 Nf6 5. Nf3 Bf5 6. Bd3 Bxd3 7. Qxd3 c6 8. Bd2 e6 9. Ne4 Qd8 10. Nxf6+ gxf6 11. O-O-O Nd7 12. Rhe1 Bd6 13. g3 Qa5 14. Bxa5 1-0

[Event "Live Chess"]
[Site "Chess.com"]
[Date "2023.05.20"]
[Round "-"]
[White "Missedidea"]
[Black "Geomorph"]
[Result "1-0"]
[WhiteElo "1726"]
[BlackElo "1221"]
[TimeControl "300"]
[EndTime "11:40:00 PDT"]
[Termination "Missedidea won on time"]

1. d4 d5 2. c4 c6 3. Nf3 Nf6 4. Nc3 Qb6 5. e3 dxc4 6. Bxc4 Bg4 7. O-O Nbd7 8. h3 Bf5 9. a3 e6 10. b4 Be7 11. Re1 O-O 12. e4 Bg6 13. e5 Nd5 14. Ne4 Rad8 15. Qb3 Bxe4 16. Rxe4 f6 17. Bb2 fxe5 18. Nxe5 Nxe5 19. Rxe5 Bf6 20. Re4 Be7 21. Rf1 Nf6 22. Rxe6 Kh8 23. Qe3 Bd6 24. Bd3 Qc7 25. g4 Rde8 26. g5 Rxe6 27. Qxe6 Bh2+ 28. Kg2 Nd5 29.
Qe4 g6 30. Bc4 Rxf2+ 31. Rxf2 Qg3+ 32. Kf1 Qg1+ 33. Ke2 Nf4+ 34. Rxf4 Bxf4 35. d5+ Kg8 36. dxc6+ Kf8 37. Qxf4+ 1-0

[Event "Live Chess"]
[Site "Chess.com"]
[Date "2023.05.20"]
[Round "-"]
[White "whitedjohn"]
[Black "Brooms1989"]
[Result "1-0"]
[WhiteElo "1670"]
[BlackElo "1007"]
[TimeControl "300"]
[EndTime "11:40:06 PDT"]
[Termination "whitedjohn won by resignation"]

1. e4 e5 2. Nf3 Nc6 3. Bb5 a6 4. Ba4 Nf6 5. O-O Bc5 6. d3 h6 7. Bxc6 dxc6 8. Nxe5 O-O 9. Nf3 Bg4 10. h3 Bh5 11. Bf4 Qd7 12. Nbd2 Rfe8 13. Nb3 Bb6 14. Be3 Bxf3 15. Qxf3 Re5 16. Bxb6 cxb6 17. Rfe1 Rg5 18. Kh1 Re8 19. Re2 Nh7 20. Rae1 Re6 21. e5 Nf8 22. d4 Ng6 23. g3 f6 24. exf6 Rxe2 25. Rxe2 Qxh3+ 26. Kg1 Nh4 27. f7+ Kh7 28. Qe4+ Rg6 29.
f8=N+ Kg8 30. Nxg6 Nxg6 31. Qxg6 Qc8 32. Re8+ Qxe8 1-0

[Event "Live Chess"]
[Site "Chess.com"]
[Date "2023.05.20"]
[Round "-"]
[White "MartinWalker4"]
[Black "MaximKris"]
[Result "1-0"]
[WhiteElo "2090"]
[BlackElo "1888"]
[TimeControl "300"]
[EndTime "11:40:06 PDT"]
[Termination "MartinWalker4 won by checkmate"]

1. e4 e5 2. Nf3 Nc6 3. Bb5 a6 4. Ba4 Nf6 5. O-O Nxe4 6. d4 b5 7. Bb3 d5 8. dxe5 Be6 9. Nbd2 Nc5 10. c3 Nxb3 11. Nxb3 Be7 12. Nbd4 Nxd4 13. Nxd4 O-O 14. f4 Bc5 15. Be3 Bxd4 16. Bxd4 Bf5 17. Qf3 Be4 18.
Qg3 Qe7 19. f5 Kh8 20. f6 gxf6 21. exf6 Qe6 22. Qg7# 1-0